 Dungeon Crawl Stone Soup version 0.21.1-1-g345015fe64 (webtiles) character file.

837 LevaFresel the Chopper (level 8, -3/61 HPs)
             Began as a Human Fighter on June 22, 2018.
             Slain by a sky beast (5 damage)
             ... on level 5 of the Dungeon.
             The game lasted 00:11:28 (3567 turns).

LevaFresel the Chopper (Human Fighter)              Turns: 3567, Time: 00:11:28

Health: -3/61      AC:  9    Str: 17 (19) XL:     8   Next: 19%
Magic:  8/8        EV:  5    Int:  5 (8)  God:
Gold:   252        SH:  9    Dex: 13      Spells: 7/7 levels left

rFire    . . .     SeeInvis .   a - +0 war axe
rCold    . . .     Gourm    .   c - +0 shield
rNeg     . . .     Faith    .   e - +0 chain mail
rPois    .         Spirit   .   (no helmet)
rElec    .         Reflect  .   (no cloak)
rCorr    .         Harm     .   (no gloves)
MR       .....                  (no boots)
Stlth    ..........             (no amulet)
HPRegen  0.20/turn              j - ring of stealth
MPRegen  0.11/turn              (no ring)

@: no status effects
A: no striking features
a: no special abilities


You were on level 5 of the Dungeon.
You were not hungry.

You visited 1 branch of the dungeon, and saw 5 of its levels.

You collected 252 gold pieces.

Inventory:

Hand Weapons
 a - a +0 war axe (weapon)
Armour
 c - a +0 shield (worn)
 e - a +0 chain mail (worn)
Jewellery
 j - a ring of stealth (left hand)
 l - an uncursed ring of magical power
Scrolls
 b - a scroll of blinking {unknown}
 d - a scroll of enchant weapon {unknown}
 h - 2 scrolls of identify
 k - 2 scrolls of enchant armour {unknown}
 o - a scroll of remove curse {unknown}
Potions
 g - a potion of resistance {unknown}
 i - a potion of degeneration
 n - a potion of ambrosia
 p - a potion of agility {unknown}
 q - 2 potions of brilliance {unknown}
 r - a potion of flight {unknown}
 s - 2 potions of mutation {unknown}
Comestibles
 f - 6 rations


   Skills:
 + Level 4.9 Fighting
 * Level 5.7 Axes
 + Level 4.9 Armour
 + Level 4.8 Shields


You had 7 spell levels left.
You didn't know any spells.

Dungeon Overview and Level Annotations

Branches:
Dungeon (5/15)
 Temple: D:4-7

Altars:
Dithmenos
Xom

Annotations:
D:4 Kohma's ghost, amateur SpVM


Message History

The sky beast barely misses you.
The sky beast hits you but does no damage.
You closely miss the sky beast.
The sky beast flickers out of sight!
Deactivating autopickup; reactivate with Ctrl-A.
Something hits you.
* * * LOW HITPOINT WARNING * * *
Something shocks you.
* * * LOW HITPOINT WARNING * * *
You slash something! Something hits you but does no damage.
You slash something!
Something hits you but does no damage. x2
Your shield and chain mail prevent you from hitting something.
Something hits you.
* * * LOW HITPOINT WARNING * * *
Something shocks you.
* * * LOW HITPOINT WARNING * * *
You miss something. Something hits you but does no damage.
You miss something. Something hits you.
* * * LOW HITPOINT WARNING * * *
Something shocks you.
You die...

### ###.......## #.####
###..........## ##...#
#.............# ##..#
#.............# ##.##
##............## #..#
####.............#
#..####.....###........#
##........{## #####...##
##...#.....@## ##...#
##....#.......# #...####
##..#..#.#.#...#
##......
#..##..#.......# #......
##......#...#...###
#.†)...
#.###.............#
##Y.... ###
#.....#####...## #.....
#............... .#
#.....
###.....#...#.....##
#.....


There were no monsters in sight!

Vanquished Creatures
  Sigmund (D:2)
  An ogre (D:5)
  2 centaurs
  A scorpion (D:3)
  A howler monkey (D:5)
  A bullfrog zombie (D:5)
  A centaur skeleton (D:5)
  An orc wizard (D:3)
  2 worker ants
  A hound skeleton (D:5)
  3 gnolls (D:3)
  8 adders
  A howler monkey skeleton (D:5)
  2 worms
  5 dart slugs
  2 leopard geckos
  7 orcs
  4 giant cockroaches
  3 goblins
  8 hobgoblins
  4 jackals (D:3)
  4 kobolds
  2 quokkas
  A ball python (D:2)
  10 bats
  10 frilled lizards
  7 rats
93 creatures vanquished.

Notes
Turn   | Place    | Note
-------+----------+-------------------------------------------
     0 | D:1      | LevaFresel the Human Fighter began the quest for the Orb.
     0 | D:1      | Reached XP level 1. HP: 18/18 MP: 1/1
   106 | D:1      | Reached XP level 2. HP: 23/24 MP: 2/2
   323 | D:1      | Reached XP level 3. HP: 27/29 MP: 3/3
   893 | D:2      | Found a shimmering altar of Xom.
   960 | D:2      | Reached XP level 4. HP: 34/35 MP: 4/4
  1044 | D:2      | Reached skill level 3 in Axes
  1119 | D:2      | Noticed Sigmund
  1128 | D:2      | Killed Sigmund
  1128 | D:2      | Reached skill level 4 in Axes
  1128 | D:2      | Reached XP level 5. HP: 16/42 MP: 5/5
  1128 | D:2      | Reached XP level 6. HP: 19/48 MP: 6/6
  1747 | D:3      | Reached XP level 7. HP: 42/54 MP: 7/7
  2551 | D:4      | Found a shadowy altar of Dithmenos.
  2637 | D:4      | Reached skill level 5 in Axes
  2664 | D:4      | Noticed Kohma's ghost (amateur SpVM)
  2711 | D:5      | Entered Level 5 of the Dungeon
  3407 | D:5      | Reached XP level 8. HP: 58/61 MP: 8/8
  3565 | D:5      | HP: 3/61 [something (5)]
  3567 | D:5      | Slain by a sky beast

Skill      XL: |  1  2  3  4  5  6  7 |
---------------+----------------------+-----
Axes           | 4 5 |  5.7
Fighting       | 4 |  4.9
Armour         | 4 |  4.9
Shields        | 4 |  4.8

Action                   |  1- 3 |  4- 6 |  7- 9 || total
-------------------------+-------+-------+-------++-------
Melee: War axe           |    88 |    80 |   195 ||   363
  Use: Scroll            |     1 |     1 |     1 ||     3
       Potion            |       |     2 |     5 ||     7
  Eat: Ration            |       |     1 |     1 ||     2
       Chunk             |       |       |     2 ||     2
Armor: Scale mail        |    40 |     9 |       ||    49
       Chain mail        |       |    38 |   104 ||   142
Dodge: Dodged            |    32 |    16 |    45 ||    93
Block: Shield            |    54 |    46 |    97 ||   197
